 Dungeon Sprint DCSS version 0.29.1-12-g30fa7ad0bf (webtiles) character file.

Game seed: 447804885790944997

6118 sanboga the Basher (level 10, -2/89 HPs)
             Began as a Gnoll Berserker on Dec 13, 2022.
             Was a High Priest of Trog.
             Slain by a five-headed hydra (5 damage)
             ... in the Dungeon (Sprint IX: "|||||||||||||||||||||||||||||").
             The game lasted 00:02:37 (1302 turns).

sanboga the Basher (Gnoll Berserker)                Turns: 1302, Time: 00:02:38

Health: -2/89      AC: 22    Str: 23    XL:     10   Next: 89%
Magic:  23/23      EV: 12    Int: 10    God:    Trog [*****.]
Gold:   4          SH:  0    Dex: 12    Spells: 28/28 levels left

rFire   . . .      SeeInvis .   l - +2 morningstar (protect)
rCold   . . .      Faith    .   (no shield)
rNeg    . . .      Spirit   .   n - +1 chain mail
rPois   .          Reflect  .   (no helmet)
rElec   .          Harm     .   a - +0 cloak
rCorr   .          Rampage  .   j - +0 pair of gloves
Will    .....      NoTele   +   (no boots)
Stlth   +.........              (no amulet)
HPRegen 0.24/turn               p - +3 ring of intelligence
MPRegen 0.18/turn               o - +3 ring of strength

@: under a protective aura, on berserk cooldown, slowed, very slow
A: fangs 1, strong nose, distributed training
a: Renounce Religion, Berserk, Trog's Hand, Brothers in Arms


You were in the Dungeon.
You worshipped Trog.
Trog was extremely pleased with you.
You visited 1 branch You collected 4 gold pieces.

Inventory:

Hand Weapons
 l - a +2 morningstar of protection (weapon)
 t - the +6 great sword of the Key {flame, rN+}
   (Trog gifted it to you in the Dungeon)

   It burns those it strikes, dealing additional fire damage.
   Big, fiery blades are also staple armaments of hydra-hunters.
   rN:        It protects you from negative energy.
 u - a +2 eveningstar
Armour
 a - a +0 cloak (worn)
 j - a +0 pair of gloves (worn)
 n - a +1 chain mail (worn)
Jewellery
 o - a +3 ring of strength (right hand)
 p - a +3 ring of intelligence (left hand)
Wands
 k - a wand of roots (10)
Scrolls
 h - 2 scrolls of blinking
 q - 2 scrolls of enchant armour
 r - a scroll of fear
 s - 2 scrolls of identify
Potions
 b - 2 potions of mutation
 c - 5 potions of curing
 d - 7 potions of heal wounds
 e - 2 potions of haste
 f - 4 potions of magic
 g - a potion of berserk rage
 i - a potion of invisibility


   Skills:
 + Level 11.7 Fighting
 + Level 9.8 Short Blades
 + Level 9.8 Long Blades
 + Level 9.8 Axes
 + Level 11.7 Maces & Flails
 + Level 9.8 Polearms
 + Level 9.8 Staves
 + Level 9.8 Ranged Weapons
 + Level 9.8 Throwing
 + Level 10.9 Armour
 + Level 10.9 Dodging
 + Level 9.8 Stealth
 + Level 9.8 Shields
 + Level 9.8 Unarmed Combat
 + Level 9.8 Spellcasting
 + Level 8.2 Conjurations
 + Level 8.2 Hexes
 + Level 8.2 Summonings
 + Level 8.2 Necromancy
 + Level 8.2 Translocations
 + Level 8.2 Transmutations
 + Level 8.2 Fire Magic
 + Level 8.2 Ice Magic
 + Level 8.2 Air Magic
 + Level 8.2 Earth Magic
 + Level 8.2 Poison Magic
 + Level 10.7 Invocations
 + Level 9.8 Evocations


You had 28 spell levels left.
You didn't know any spells.
Your spell library was empty.

Dungeon Overview and Level Annotations

Branches:
Dungeon (1/1)

Altars:
Cheibriados
Dithmenos
Elyvilon
Fedhas
Gozag
Hepliaklqana
Kikubaaqudgha
Makhleb
Nemelex Xobeh
Okawaru
Qazlal
Ru
Sif Muna
Trog
Uskayaw
Vehumet
Wu Jian
Xom
Yredelemnul
Zin
The Shining One
Jiyva
Lugonu


Innate Abilities, Weirdness & Mutations

You have very sharp teeth.
Your uncanny sense of smell can sniff out nearby items.
Your experience applies equally to all skills.


Message History

The five-headed hydra bites you but does no damage.
The five-headed hydra bites you! The five-headed hydra misses you.
The five-headed hydra barely misses you.
The five-headed hydra completely misses you.
You sock the five-headed hydra!
The five-headed hydra is moderately wounded.
Cornered, the elephant turns to fight!
The five-headed hydra bites you but does no damage. x4
The five-headed hydra bites you.
Cornered, the basilisk turns to fight!
You sock the five-headed hydra!
The five-headed hydra is heavily wounded.
The five-headed hydra bites you!
The five-headed hydra bites you but does no damage.
The five-headed hydra barely misses you.
The five-headed hydra bites you!
The five-headed hydra barely misses you.
You sock the five-headed hydra!
The five-headed hydra is heavily wounded.
The five-headed hydra completely misses you.
The five-headed hydra barely misses you.
The five-headed hydra bites you but does no damage. x3
The five-headed hydra bites you.
The five-headed hydra bites you but does no damage. x2
The five-headed hydra bites you.
* * * LOW HITPOINT WARNING * * *
The five-headed hydra bites you but does no damage.
You sock the five-headed hydra!
The five-headed hydra is severely wounded.
The five-headed hydra bites you but does no damage. x2
The five-headed hydra bites you!
* * * LOW HITPOINT WARNING * * *
The five-headed hydra closely misses you.
The five-headed hydra bites you but does no damage.
You barely miss the five-headed hydra.
The five-headed hydra is severely wounded.
The five-headed hydra bites you!
* * * LOW HITPOINT WARNING * * *
The five-headed hydra bites you but does no damage.
The five-headed hydra bites you.
You die...

∆∆∆∆∆ ∆∆∆∆∆∆∆∆∆∆∆∆ ∆∆∆∆∆∆∆∆∆∆∆∆∆
▓▓▓▓▓▓▓▓▓▓▓▓▓▓▓▓▓▓▓▓▓▓▓▓▓▓
.....DYlD@.......÷÷)....[!
▓▓▓▓▓▓▓▓▓▓▓▓▓▓▓▓▓▓▓▓▓▓▓▓▓▓▓▓▓▓▓▓▓
.................................
▓▓▓▓▓▓▓▓▓▓▓▓▓▓▓▓▓▓▓▓▓▓▓▓▓▓▓▓▓▓▓▓▓
.?..'________________________'...
▓▓▓▓▓▓▓▓▓▓▓▓▓▓▓▓▓▓▓▓▓▓▓▓▓▓▓▓▓▓▓▓▓


You could see a seven-headed hydra, a five-headed hydra, an elephant and a
basilisk.

Vanquished Creatures
  A hydra (D)
  A centaur warrior (D)
  An ugly thing (D)
  2 cyclopes (D)
  2 elephants (D)
  3 cane toads (D)
  An unseen horror (D)
  A troll (D)
  2 polar bears (D)
  A wraith (D)
  A wyvern (D)
  3 yaks (D)
  A vampire mosquito (D)
  2 water moccasins (D)
  An ogre (D)
  2 bullfrogs (D)
  A scorpion (D)
  A killer bee (D)
  A howler monkey (D)
  An orc wizard (D)
  A white imp (D)
  An ufetubus (D)
  A bat (D)
  2 goblins (D)
  A quokka (D)
  A kobold (D)
36 creatures vanquished.

Notes
Turn   | Place    | Note
-------+----------+-------------------------------------------
     0 | D        | sanboga the Gnoll Berserker began the quest for the Orb.
     0 | D        | Reached XP level 1. HP: 23/23 MP: 1/1
    10 | D        | Reached ** piety under Trog
    13 | D        | Reached skill level 1 in Invocations
    15 | D        | Reached skill level 1 in Short Blades
    15 | D        | Reached skill level 1 in Long Blades
    15 | D        | Reached skill level 1 in Axes
    15 | D        | Reached skill level 1 in Polearms
    15 | D        | Reached skill level 1 in Staves
    15 | D        | Reached skill level 1 in Ranged Weapons
    15 | D        | Reached skill level 1 in Throwing
    15 | D        | Reached skill level 1 in Stealth
    15 | D        | Reached skill level 1 in Shields
    15 | D        | Reached skill level 1 in Unarmed Combat
    15 | D        | Reached skill level 1 in Spellcasting
    15 | D        | Reached skill level 1 in Evocations
    75 | D        | Noticed a water moccasin
    75 | D        | Noticed an ogre
    75 | D        | Noticed a scorpion
    78 | D        | Killed a scorpion
    79 | D        | Reached skill level 5 in Armour
    79 | D        | Reached skill level 5 in Dodging
    79 | D        | Reached XP level 2. HP: 31/31 MP: 2/5
    79 | D        | Reached XP level 3. HP: 36/36 MP: 2/6
    79 | D        | Reached XP level 4. HP: 43/43 MP: 2/7
    80 | D        | Reached *** piety under Trog
    82 | D        | Killed an ogre
    83 | D        | Reached XP level 5. HP: 48/48 MP: 2/10
    85 | D        | Killed a water moccasin
    86 | D        | Reached XP level 6. HP: 56/56 MP: 2/12
   224 | D        | Found a snail-covered altar of Cheibriados.
   224 | D        | Found a shadowy altar of Dithmenos.
   224 | D        | Found a white marble altar of Elyvilon.
   224 | D        | Found a blossoming altar of Fedhas.
   224 | D        | Found an opulent altar of Gozag.
   225 | D        | Found a hazy altar of Hepliaklqana.
   226 | D        | Found a viscous altar of Jiyva.
   227 | D        | Found an ancient bone altar of Kikubaaqudgha.
   228 | D        | Found a corrupted altar of Lugonu.
   229 | D        | Found a burning altar of Makhleb.
   230 | D        | Found a sparkling altar of Nemelex Xobeh.
   231 | D        | Found an iron altar of Okawaru.
   232 | D        | Found a stormy altar of Qazlal.
   233 | D        | Found a sacrificial altar of Ru.
   234 | D        | Found a shimmering blue altar of Sif Muna.
   235 | D        | Found a bloodstained altar of Trog.
   236 | D        | Found a hide-covered altar of Uskayaw.
   237 | D        | Found a radiant altar of Vehumet.
   238 | D        | Found an ornate altar of the Wu Jian Council.
   239 | D        | Found a shimmering altar of Xom.
   240 | D        | Found a basalt altar of Yredelemnul.
   241 | D        | Found a glowing silver altar of Zin.
   242 | D        | Found a glowing golden altar of the Shining One.
   297 | D        | Noticed a troll
   297 | D        | Noticed a vampire mosquito
   297 | D        | Noticed a wyvern
   300 | D        | Killed a wyvern
   301 | D        | Reached skill level 5 in Short Blades
   301 | D        | Reached skill level 5 in Long Blades
   301 | D        | Reached skill level 5 in Axes
   301 | D        | Reached skill level 5 in Polearms
   301 | D        | Reached skill level 5 in Staves
   301 | D        | Reached skill level 5 in Ranged Weapons
   301 | D        | Reached skill level 5 in Throwing
   301 | D        | Reached skill level 5 in Stealth
   301 | D        | Reached skill level 5 in Shields
   301 | D        | Reached skill level 5 in Unarmed Combat
   301 | D        | Reached skill level 5 in Spellcasting
   301 | D        | Reached skill level 5 in Invocations
   301 | D        | Reached skill level 5 in Evocations
   306 | D        | Killed a vampire mosquito
   306 | D        | Reached **** piety under Trog
   307 | D        | Reached XP level 7. HP: 63/63 MP: 12/15
   314 | D        | Killed a troll
   315 | D        | Reached skill level 5 in Conjurations
   315 | D        | Reached skill level 5 in Hexes
   315 | D        | Reached skill level 5 in Summonings
   315 | D        | Reached skill level 5 in Necromancy
   315 | D        | Reached skill level 5 in Translocations
   315 | D        | Reached skill level 5 in Transmutations
   315 | D        | Reached skill level 5 in Fire Magic
   315 | D        | Reached skill level 5 in Ice Magic
   315 | D        | Reached skill level 5 in Air Magic
   315 | D        | Reached skill level 5 in Earth Magic
   315 | D        | Reached skill level 5 in Poison Magic
   328 | D        | Reached ***** piety under Trog
   521 | D        | Noticed a wraith
   521 | D        | Noticed a centaur warrior
   521 | D        | Noticed a cyan ugly thing
   521 | D        | Noticed a cyclops
   521 | D        | Noticed a cyclops
   526 | D        | Killed a cyclops
   527 | D        | Reached XP level 8. HP: 71/71 MP: 16/18
   533 | D        | Killed an unseen horror
   538 | D        | Killed a cyclops
   539 | D        | Reached skill level 10 in Fighting
   539 | D        | Reached skill level 10 in Maces & Flails
   539 | D        | Reached XP level 9. HP: 78/78 MP: 17/20
   545 | D        | Killed a cyan ugly thing
   550 | D        | Killed a centaur warrior
   905 | D        | Noticed a cane toad
   905 | D        | Noticed an elephant
   910 | D        | Noticed a polar bear
   912 | D        | Killed an elephant
   912 | D        | Received a gift from Trog
   913 | D        | Reached XP level 10. HP: 85/86 MP: 22/22
   921 | D        | Noticed a cane toad
   930 | D        | Killed a cane toad
   931 | D        | Reached skill level 10 in Armour
   931 | D        | Reached skill level 10 in Dodging
   954 | D        | Identified the +6 great sword of the Key {flame, rN+} (Trog
                  | gifted it to you in the Dungeon)
   954 | D        | Received a gift from Trog
   955 | D        | Reached skill level 10 in Invocations
   957 | D        | Killed a cane toad
  1273 | D        | Noticed an elephant
  1273 | D        | Noticed an eight-headed hydra
  1273 | D        | Noticed a cane toad
  1277 | D        | Killed a cane toad
  1277 | D        | Noticed a five-headed hydra
  1281 | D        | Noticed an elephant
  1282 | D        | Killed an eight-headed hydra
  1288 | D        | Noticed a seven-headed hydra
  1296 | D        | Killed an elephant
  1302 | D        | HP: 3/89 [five-headed hydra (7)]
  1302 | D        | Slain by a five-headed hydra

Illustrated notes

Levels and vault maps discovered:
D:        linesprint [early_d, line_temple, items_1, d_10, items_2, lair_1,
          lair_end, items_3, orc_1, orc_end, items_4, d_15, swamp_1, shoals_1,
          snake_1, spider_1, d_20, vaults_1, items_5, swamp_end, shoals_end,
          snake_end, spider_end, vaults_end, d_27, items_6, zot_1, zot_end,
          crypt_end, forest_end, elf_end, slime_end, tomb_end, abyss_end,
          pan_hell_end]

Skill      XL: |  1  2  3  4  5  6  7  8  9 10 |
---------------+-------------------------------+-----
Invocations    | 2 3 4 6 7 8 9 10 | 10.7
Short Blades   | 2 3 4 5 6 7 8 9 |  9.8
Long Blades    | 2 3 4 5 6 7 8 9 |  9.8
Axes           | 2 3 4 5 6 7 8 9 |  9.8
Polearms       | 2 3 4 5 6 7 8 9 |  9.8
Staves         | 2 3 4 5 6 7 8 9 |  9.8
Ranged Weapons | 2 3 4 5 6 7 8 9 |  9.8
Throwing       | 2 3 4 5 6 7 8 9 |  9.8
Stealth        | 2 3 4 5 6 7 8 9 |  9.8
Shields        | 2 3 4 5 6 7 8 9 |  9.8
Unarmed Combat | 2 3 4 5 6 7 8 9 |  9.8
Spellcasting   | 2 3 4 5 6 7 8 9 |  9.8
Evocations     | 2 3 4 5 6 7 8 9 |  9.8
Fighting       | 7 8 9 10 11 | 11.7
Maces & Flails | 7 8 9 10 11 | 11.7
Armour         | 5 6 7 8 9 10 | 10.9
Dodging        | 5 6 7 8 9 10 | 10.9
Conjurations   | 2 3 4 5 6 7 8 |  8.2
Hexes          | 2 3 4 5 6 7 8 |  8.2
Summonings     | 2 3 4 5 6 7 8 |  8.2
Necromancy     | 2 3 4 5 6 7 8 |  8.2
Translocations | 2 3 4 5 6 7 8 |  8.2
Transmutations | 2 3 4 5 6 7 8 |  8.2
Fire Magic     | 2 3 4 5 6 7 8 |  8.2
Ice Magic      | 2 3 4 5 6 7 8 |  8.2
Air Magic      | 2 3 4 5 6 7 8 |  8.2
Earth Magic    | 2 3 4 5 6 7 8 |  8.2
Poison Magic   | 2 3 4 5 6 7 8 |  8.2

Action                   |  1- 3 |  4- 6 |  7- 9 | 10-12 || total
-------------------------+-------+-------+-------+-------++-------
Melee: Mace              |    13 |     9 |       |       ||    22
       Bite              |     3 |     3 |     6 |     7 ||    19
       Punch             |       |     1 |     7 |     3 ||    11
       Morningstar       |       |     8 |    60 |    68 ||   136
Invok: Berserk           |     1 |     1 |     1 |     2 ||     5
  Use: Scroll            |       |       |       |     1 ||     1
Armor: Chain mail        |       |     4 |    44 |    61 ||   109
Dodge: Dodged            |     8 |     5 |    26 |    55 ||    94
